 Dungeon Crawl Stone Soup version 0.32-a0-975-g85d4e5bfdb (webtiles) character file.

Game seed: 1282134454687459756

4 ragingrage the Grasshopper (level 1, 0/17 HPs)
             Began as a Ghoul Warper on Apr 18, 2024.
             Slain by a hobgoblin (3 damage)
             ... on level 1 of the Dungeon.
             The game lasted 00:00:17 (134 turns).

ragingrage the Grasshopper (Ghoul Warper)            Turns: 134, Time: 00:00:17

Health: 0/17       AC:  3    Str: 14    XL:     1   Next: 60%
Magic:  3/3        EV: 10    Int: 12    God:
Gold:   0          SH:  0    Dex:  8    Spells: 3/3 levels left

rFire   . .          .
                       - Unarmed
rCold   + . .        (no shield)
rNeg    + + +        a - +0 leather armour
rPois   ∞            (no helmet)
rElec   .            (no cloak)
rCorr   .            (no gloves)
SInv    .            (no boots)
Will    .....        (no amulet)
Stlth   +            (no ring)
HPRegen 0.00/turn    (no ring)
MPRegen 0.08/turn

%: no passive effects
@: inhibited regen
A: claws 1, cold resistance 1, negative energy resistance 3, inhibited
regeneration, torment resistance 2, devour on kill
a: no special abilities


You were on level 1 of the Dungeon.
You visited 1 branch of the dungeon, and saw 1 of its levels.

Inventory:

Missiles
 c - 6 darts of dispersal (quivered)
Armour
 a - a +0 leather armour (worn)
Scrolls
 b - a scroll of blinking
 d - 2 scrolls of identify {unknown}
 e - a scroll of noise {unknown}
Potions
 f - a potion of lignification {unknown}


   Skills:
 - Level 2.1 Fighting
 - Level 0.8 Throwing
 - Level 0.8 Armour
 - Level 1.7 Dodging
 + Level 0.8 Stealth
 + Level 2.4 Unarmed Combat
 - Level 1.7 Spellcasting
 - Level 2.6 Translocations


You had 3 spell levels left.
You didn't know any spells.
Your spell library contained the following spells:

 Spells                   Type           Power      Damage    Failure   Level
 Blink                    Tloc           14%        N/A       17%         2
 Lesser Beckoning         Tloc           14%        N/A       17%         2
 Maxwell's Portable Pile  Tloc           7%         2d(5-15)  34%         3
 Teleport Other           Tloc           7%         N/A       34%         3
 Vhi's Electric Charge    Tloc/Air       8%         N/A       89%         4


Dungeon Overview and Level Annotations

Branches:
Dungeon (1/15)

Altars:


Innate Abilities, Weirdness & Mutations

You are immune to poison.
You have sharp fingernails.
Your flesh is cold resistant. (rC+)
You are immune to negative energy. (rN+++)
You do not regenerate when monsters are visible.
You are immune to unholy pain and torment.
You thrive by killing the living.


Message History

A goblin comes into view. It is wielding a +0 dagger.
The goblin shouts!
You hear a shout!
A goblin is nearby!
A goblin is nearby!
A ball python comes into view.
The ball python hisses angrily.
You scratch the goblin but do no damage.
The goblin hits you with a +0 dagger.
You barely miss the goblin.
A hobgoblin comes into view.
The goblin barely misses you.
The hobgoblin shouts!
You claw the goblin!
You kill the goblin!
The ball python closely misses you. The ball python grabs you.
The ball python constricts you.
Things that are here:
a +0 dagger; a goblin corpse You scratch the ball python.
The ball python bites you. The ball python constricts you.
You are too injured to fight recklessly!
You scratch the ball python.
You kill the ball python!
You feel better.
You are too injured to fight recklessly!
Found a faded altar of an unknown god.
You closely miss the hobgoblin. The hobgoblin barely misses you.
You barely miss the hobgoblin. The hobgoblin hits you.
You scratch the hobgoblin but do no damage.
The hobgoblin hits you.
* * * LOW HITPOINT WARNING * * *
You scratch the hobgoblin. The hobgoblin closely misses you.
A dart slug comes into view.
Throw: 7 darts (disperse)
Press: ? - help, Q - select action Shift-Dir - straight line, f/p - hobgoblin
Aim: a hobgoblin (moderately wounded, 50% to hit)
You throw a dart of dispersal.
The dart of dispersal closely misses the hobgoblin.
The hobgoblin hits you.
You die...

#.................
#.#.######.#.#####
#######.#.# #.#.#
..........######.#.##
.!.............#....####
####.?.######.#..#.....
###.# #.......#### #)#
#..###### #@# #... #g#
#.#.# ..# .. .. ..## .##
##. ... #. . #... # #
#... w._.


You could see a dart slug and a hobgoblin.

Vanquished Creatures
  A bat (D:1)
  A hobgoblin (D:1)
  A ball python (D:1)
  A goblin (D:1)
4 creatures vanquished.

Notes
Turn   | Place    | Note
-------+----------+-------------------------------------------
     0 | D:1      | ragingrage the Ghoul Warper began the quest for the Orb.
     0 | D:1      | Reached XP level 1. HP: 17/17 MP: 3/3
   129 | D:1      | Found a faded altar of an unknown god.
   134 | D:1      | Slain by a hobgoblin

Illustrated notes

Levels and vault maps discovered:
D:1:      minmay_arrival_semitransparent, layout_loops_ring,
          hellmonk_ecumenical_altar_crossroads, minmay_hexomino_f4

Action                     || total
---------------------------++-------
  Melee: Unarmed           ||    24
  Throw: Dart              ||     1
 Armour: Leather armour    ||    21
  Dodge: Dodged            ||    11

Table legend: (Time is in decaauts)
 A = Elapsed time spent in this place.
 B = Non-inter-level travel time spent in this place.
 C = Inter-level travel time spent in this place.
 D = Time resting spent in this place.
 E = Time spent auto-exploring this place.
 F = Levels seen in this place.
 G = Mean time per level.
                   A        B        C        D        E       F      G
               +--------+--------+--------+--------+--------+-----+--------+
         Total |    132 |    132 |      0 |     27 |     63 |   1 |  132.0 |
       Dungeon |    132 |    132 |      0 |     27 |     63 |   1 |  132.0 |
               +--------+--------+--------+--------+--------+-----+--------+

Top non-repeatable levels by time:
     D:1: 132 daAuts
